 Dungeon Crawl Stone Soup version 0.27.0 (webtiles) character file.

Game seed: 4449255728079305882

2394 Raultor the Fighter (level 9, -5/74 HPs)
             Began as a Demonspawn Gladiator on July 31, 2021.
             Was an Initiate of Makhleb.
             Slain by Harold (7 damage)
             ... on level 7 of the Dungeon.
             The game lasted 00:08:16 (9247 turns).

Raultor the Fighter (Demonspawn Gladiator)          Turns: 9247, Time: 00:08:17

Health: -5/74      AC: 11    Str: 17    XL:     9   Next: 22%
Magic:  13/13      EV: 11    Int: 11    God:    Makhleb [......]
Gold:   288        SH:  0    Dex: 14    Spells: 8/8 levels left

rFire    + . .     SeeInvis .   a - +0 long sword
rCold    . . .     Faith    .   (no shield)
rNeg     . . .     Spirit   .   k - +1 ring mail {rF+}
rPois    .         Reflect  .   E - +1 helmet
rElec    .         Harm     .   u - +0 cloak
rCorr    .         Rampage  .   (no gloves)
Will     .....                  (no boots)
Stlth    +.........             x - amulet of magic regeneration
HPRegen  0.22/turn              (no ring)
MPRegen  0.51/turn              (no ring)

@: mighty, marked
A: hooves 2, yellow scales 1, powered by pain 2, magic regeneration
a: Renounce Religion


You were on level 7 of the Dungeon.
You worshipped Makhleb.
Makhleb was noncommittal.
You visited 2 branches of the dungeon, and saw 8 of its levels.

You collected 288 gold pieces.


Innate Abilities, Weirdness & Mutations

You have hoof-like feet.
You are partially covered in yellow scales. (AC +2)
You sometimes gain power by taking damage.
You regenerate magic rapidly.


   Skills:
 + Level 8.2 Fighting
 * Level 8.0 Long Blades
 - Level 1.7 Throwing
 - Level 2.6 Dodging
 + Level 6.2 Invocations


You had 8 spell levels left.
You didn't know any spells.
Your spell library contained the following spells:

 Spells                   Type           Power      Damage    Failure   Level
 Ensorcelled Hibernation  Hex/Ice        0%         N/A       69%         2
 Spider Form              Tmut/Pois      0%         N/A       89%         3
 Shadow Creatures         Summ           N/A        N/A       100%        6

Inventory:

Hand Weapons
 a - a +0 long sword (weapon)
 B - a +0 rapier
Missiles
 d - 4 throwing nets (quivered) {=f}
Armour
 k - a +1 ring mail of fire resistance (worn)
 u - a +0 cloak (worn)
 E - a +1 helmet (worn)
Jewellery
 x - an amulet of magic regeneration (around neck)
 M - a ring of magical power
 Z - a ring of wizardry
Wands
 n - a wand of iceblast (11)
Scrolls
 e - a scroll of silence {unknown}
 o - 4 scrolls of identify {unknown}
 p - a scroll of magic mapping {unknown}
 r - a scroll of holy word {unknown}
 t - a scroll of teleportation {unknown}
 v - a scroll of enchant armour {unknown}
 w - a scroll of fog {unknown}
 y - a scroll of vulnerability {unknown}
 C - a scroll of fear {unknown}
Potions
 f - a potion of berserk rage {unknown}
 h - 2 potions of might {unknown}
 i - a potion of flight {unknown}
 j - a potion of invisibility {unknown}
 l - 2 potions of curing {@q1}
 m - a potion of magic {unknown}
 q - a potion of mutation {unknown}
 s - a potion of brilliance {unknown}
 z - 3 potions of degeneration {unknown}
 A - 2 potions of heal wounds {unknown}

Dungeon Overview and Level Annotations

Branches:
Dungeon (7/15)             Temple (1/1) D:4

Altars:
Elyvilon
Makhleb
Nemelex Xobeh
Okawaru
Xom
Yredelemnul

Shops:
D:2 *

Annotations:
D:7 Harold

######### ........#
... #######.# ... #
#.# .. # #.# @.
#######.###### o#
.#...........# .#
#..####.####.#####.#
.### #.# #....@@o#
## #.# ######### #
#.# #######.#
........# #########


You could see Harold and an orc priest.


Message History

You slash Harold! Your kick misses Harold.
Harold is moderately wounded.
The orc priest barely misses you.
Harold hits you with a +7 hand axe of electrocution!
You slash Harold! You kick Harold, but do no damage.
Harold is heavily wounded.
The orc priest misses you.
Harold hits you with a +7 hand axe of electrocution!
* * * LOW HITPOINT WARNING * * *
You hit Harold.
Harold is heavily wounded.
The orc priest closely misses you.
Harold hits you with a +7 hand axe of electrocution!
* * * LOW HITPOINT WARNING * * *
You are electrocuted!
* * * LOW HITPOINT WARNING * * *
You focus on the pain.
You feel mightier all of a sudden.
You barely miss Harold.
Harold is heavily wounded.
The orc priest barely misses you. Harold closely misses you.
You riposte.
You slash Harold!
Harold is severely wounded.
Unknown command.
You hit Harold. You kick Harold.
Harold is severely wounded.
The orc priest hits you from afar with a +0 trident.
* * * LOW HITPOINT WARNING * * *
Harold hits you with a +7 hand axe of electrocution!
You die...

Skill      XL: |  1  2  3  4  5  6  7  8  9 |
---------------+----------------------------+-----
Long Blades    | 3 4 5 7 8 |  8.0
Fighting       | 3 4 5 6 7 8 |  8.2
Invocations    | 3 5 6 |  6.2
Throwing       | |  1.7
Dodging        | |  2.6

Action                   |  1- 3 |  4- 6 |  7- 9 || total
-------------------------+-------+-------+-------++-------
Melee: Long sword        |   117 |   189 |   249 ||   555
       Kick              |       |       |    84 ||    84
Armor: Leather armour    |    34 |       |       ||    34
       Ring mail         |    14 |    86 |   106 ||   206
Dodge: Dodged            |    88 |   102 |   127 ||   317
       Rpst.: Long sword |    21 |    33 |    29 ||    83

Levels and vault maps discovered:
D:1:      co_arrival_square_in_a_square_in_a_square, layout_rooms, st_stairs_7,
          minmay_ruptured
D:2:      layout_basic, ebering_ecumenical_altar_ruins, serial_shops,
          shop_fountains
D:3:      layout_loops_cross, serial_co_window_serial, co_window_corner_a,
          co_window_paths_a, co_window_of_opportunity_a, co_window_cross_1,
          co_window_corner_a, co_window_2corner, co_window_corner_b,
          co_window_unsneaky_path_b, co_window_broadway_c, co_window_4corner_b,
          glass_columns_c, glass_columns_a, glass_columns_a, kennysheep_doodads,
          uniq_crazy_yiuf_cottage, uniq_robin, uniq_ijyb, uniq_terence
D:4:      layout_basic, minmay_temple_entry_tees
D:5:      layout_loops_ring, elyvilon_altar_1, uniq_eustachio,
          uniq_prince_ribbit1, uniq_grinder
D:6:      layout_gridville, mainiacjoe_overflow_small_starburst, uniq_edmund,
          uniq_menkaure
D:7:      layout_loops_ring, uniq_harold
Temple:   regret_index_temple_mists

Notes
Turn   | Place    | Note
-------+----------+-------------------------------------------
     0 | D:1      | Raultor the Demonspawn Gladiator began the quest for the
                  | Orb.
     0 | D:1      | Reached XP level 1. HP: 16/16 MP: 1/1
    28 | D:1      | Gained mutation: You regenerate magic rapidly. [demonic
                  | ancestry]
    28 | D:1      | Reached XP level 2. HP: 15/23 MP: 2/2
   104 | D:1      | Reached skill level 3 in Long Blades
   366 | D:1      | Reached skill level 3 in Fighting
   476 | D:1      | Reached XP level 3. HP: 24/29 MP: 3/3
  1033 | D:2      | Found a faded altar of an unknown god.
  1314 | D:2      | Gained mutation: You are partially covered in yellow
                  | scales. (AC +2) [demonic ancestry]
  1314 | D:2      | Reached XP level 4. HP: 25/37 MP: 4/4
  1492 | D:2      | Found Niskoczedue's Assorted Antiques.
  2106 | D:3      | Noticed Ijyb
  2118 | D:3      | Killed Ijyb
  2119 | D:3      | Reached skill level 4 in Fighting
  2458 | D:3      | Noticed Terence
  2468 | D:3      | Killed Terence
  2469 | D:3      | Reached XP level 5. HP: 14/39 MP: 5/5
  2663 | D:3      | Found a runed translucent door.
  2664 | D:3      | Noticed Crazy Yiuf
  3258 | D:3      | Noticed Robin
  3273 | D:3      | Killed Robin
  3621 | D:3      | Killed Crazy Yiuf
  3622 | D:3      | Reached skill level 5 in Fighting
  3966 | D:4      | Reached skill level 4 in Long Blades
  4073 | D:4      | Found a staircase to the Ecumenical Temple.
  4217 | Temple   | Entered the Ecumenical Temple
  4226 | Temple   | Became a worshipper of Makhleb the Destroyer
  4316 | D:4      | Gained mutation: You sometimes gain a little power by
                  | taking damage. [demonic ancestry]
  4316 | D:4      | Reached XP level 6. HP: 41/51 MP: 6/6
  5236 | D:5      | Entered Level 5 of the Dungeon
  5350 | D:5      | Noticed Prince Ribbit
  5365 | D:5      | Killed Prince Ribbit
  5366 | D:5      | Reached skill level 6 in Fighting
  5366 | D:5      | Gained mutation: You have large cloven feet. [demonic
                  | ancestry]
  5366 | D:5      | Reached XP level 7. HP: 17/59 MP: 7/7
  5713 | D:5      | Noticed Grinder
  5738 | D:5      | Killed Grinder
  5739 | D:5      | Reached skill level 5 in Long Blades
  5739 | D:5      | Reached skill level 1 in Invocations
  5757 | D:5      | Reached skill level 2 in Invocations
  6325 | D:5      | Noticed Eustachio
  6357 | D:5      | Killed Eustachio
  6358 | D:5      | Reached skill level 7 in Fighting
  6358 | D:5      | Reached skill level 3 in Invocations
  6358 | D:5      | Gained mutation: You have hoof-like feet. [demonic
                  | ancestry]
  6358 | D:5      | Reached XP level 8. HP: 48/67 MP: 8/10
  6765 | D:6      | Noticed Menkaure
  6779 | D:6      | Killed Menkaure
  6780 | D:6      | Reached skill level 6 in Long Blades
  7134 | D:6      | Noticed Edmund
  7143 | D:6      | Reached skill level 4 in Invocations
  7153 | D:6      | Killed Edmund
  7605 | D:6      | Found an iron altar of Okawaru.
  7653 | D:6      | Reached skill level 7 in Long Blades
  7653 | D:6      | Reached skill level 5 in Invocations
  8484 | D:6      | Reached skill level 8 in Fighting
  8484 | D:6      | Gained mutation: You sometimes gain power by taking damage.
                  | [demonic ancestry]
  8484 | D:6      | Reached XP level 9. HP: 62/74 MP: 13/13
  9094 | D:7      | Reached skill level 6 in Invocations
  9228 | D:7      | Noticed Harold
  9241 | D:7      | Reached skill level 8 in Long Blades
  9245 | D:7      | HP: 7/74 [Harold (11)]
  9247 | D:7      | HP: 2/74 [orc priest (6)]
  9247 | D:7      | Slain by Harold

Vanquished Creatures
  Grinder (D:5)
  Prince Ribbit (D:5)
  Eustachio (D:5)
  Menkaure (D:6)
  Edmund (D:6)
  A water moccasin (D:6)
  An orc warrior (D:7)
  A hornet zombie (D:6)
  A sky beast (D:6)
  A black bear (D:6)
  An ice beast (D:6)
  A necrophage (D:6)
  2 ogres (D:6)
  A phantom (D:5)
  A bullfrog (D:7)
  A water moccasin skeleton (D:6)
  A bullfrog zombie (D:5)
  A hound (D:5)
  A jelly (D:4)
  2 orc priests (D:7)
  Crazy Yiuf (D:3)
  Ijyb (D:3)
  Terence (D:3)
  4 iguanas
  3 orc wizards (D:7)
  A hound skeleton (D:4)
  Robin (D:3)
  4 gnolls (D:4)
  5 adders
  4 worms
  4 dart slugs
  9 orcs
  11 ball pythons
  2 endoplasms
  2 giant cockroaches
  17 goblins
  7 hobgoblins
  11 jackals
  8 kobolds
  2 quokkas
  4 bats
  6 frilled lizards
  10 rats
140 creatures vanquished.

Table legend: (Time is in decaauts)
 A = Elapsed time spent in this place.
 B = Non-inter-level travel time spent in this place.
 C = Inter-level travel time spent in this place.
 D = Time resting spent in this place.
 E = Time spent auto-exploring this place.
 F = Levels seen in this place.
 G = Mean time per level.
                   A        B        C        D        E       F      G
               +--------+--------+--------+--------+--------+-----+--------+
         Total |   9344 |   9171 |    173 |      0 |   8068 |   8 | 1168.0 |
       Dungeon |   9320 |   9147 |    173 |      0 |   8068 |   7 | 1331.4 |
        Temple |     24 |     24 |      0 |      0 |      0 |   1 |   24.0 |
               +--------+--------+--------+--------+--------+-----+--------+

Top non-repeatable levels by time:
     D:6: 2156 daAuts
     D:3: 1837 daAuts
     D:5: 1542 daAuts
     D:4: 1309 daAuts
     D:2: 1081 daAuts
     D:1: 1060 daAuts
     D:7: 332 daAuts
  Temple: 24 daAuts

Table legend:
 A = Non-vault XP
 B = Vault XP
 C = Vault XP percentage of total XP
 D = Non-vault monster count
 E = Vault monster count
 F = Vault count percentage of total count
                 A         B        C        D         E       F
            +---------+---------+-------+---------+---------+-------
      Total |    2188 |    1233 |  36.0 |     116 |      24 |  17.1
            +---------+---------+-------+---------+---------+-------
        D:1 |      62 |       9 |  12.7 |      38 |       6 |  13.6
        D:2 |      44 |       0 |   0.0 |      10 |       0 |   0.0
        D:3 |      43 |     146 |  77.2 |      16 |      13 |  44.8
        D:4 |     191 |       0 |   0.0 |      17 |       0 |   0.0
        D:5 |     259 |     748 |  74.3 |      10 |       3 |  23.1
        D:6 |    1127 |     330 |  22.6 |      14 |       2 |  12.5
        D:7 |     462 |       0 |   0.0 |      11 |       0 |   0.0
            +---------+---------+-------+---------+---------+-------
